[ PARTIDA AOE2 · #472200250 ]
UnrankedBengalíes vs Magyars
[ ANÁLISIS DE REPETICIÓN · EXTRAÍDO DE LA PARTIDA GRABADA ]
Feudal
10:37
Castillos
14:40
Imperial
30:54
| APM promedio | 37.1 |
| APM pico | 54 |
| eAPM promedio | 20.1 |
| Aldeanos / militares | 133 / 64 |
Foco
⚔️ 32.6% · 🌾 67.4%
Elephant Archer ×52 · Monk ×7 · Mangonel ×3 · Armored Elephant ×2
Feudal
12:06
Castillos
17:02
Imperial
34:04
| APM promedio | 32.5 |
| APM pico | 70 |
| eAPM promedio | 16.7 |
| Aldeanos / militares | 192 / 9 |
Foco
⚔️ 11.2% · 🌾 88.8%
Knight ×7 · Monk ×2
Feudal
11:38
Castillos
15:27
Imperial
30:07
| APM promedio | 46.0 |
| APM pico | 96 |
| eAPM promedio | 27.2 |
| Aldeanos / militares | 182 / 27 |
Foco
⚔️ 23.4% · 🌾 76.6%
Knight ×23 · Mangonel ×2 · Monk ×1 · Scorpion ×1
Feudal
10:08
Castillos
21:01
Imperial
33:14
| APM promedio | 42.4 |
| APM pico | 89 |
| eAPM promedio | 24.1 |
| Aldeanos / militares | 185 / 58 |
Foco
⚔️ 18.0% · 🌾 82.0%
Kipchak ×44 · Steppe Lancer ×14
Feudal
11:01
Castillos
14:49
Imperial
30:53
| APM promedio | 32.0 |
| APM pico | 109 |
| eAPM promedio | 16.9 |
| Aldeanos / militares | 111 / 116 |
Foco
⚔️ 41.8% · 🌾 58.2%
Scout Cavalry ×104 · Bombard Cannon ×9 · Scorpion ×3
Feudal
10:16
Castillos
14:39
Imperial
31:41
| APM promedio | 45.3 |
| APM pico | 138 |
| eAPM promedio | 19.6 |
| Aldeanos / militares | 62 / 51 |
Foco
⚔️ 37.1% · 🌾 62.9%
Genoese Crossbowman ×38 · Mangonel ×4 · Battering Ram ×3 · Petard ×2 · Spearman ×2 · Trebuchet (Packed) ×2
Feudal
11:21
Castillos
15:41
Imperial
32:30
| APM promedio | 28.2 |
| APM pico | 69 |
| eAPM promedio | 14.0 |
| Aldeanos / militares | 91 / 23 |
Foco
⚔️ 35.2% · 🌾 64.8%
Petard ×6 · Bombard Cannon ×5 · Trebuchet (Packed) ×5 · Mangonel ×4 · Battering Ram ×3
Feudal
11:29
Castillos
26:14
Imperial
—
| APM promedio | 54.3 |
| APM pico | 92 |
| eAPM promedio | 31.2 |
| Aldeanos / militares | 164 / 79 |
Foco
⚔️ 20.5% · 🌾 79.5%
Spearman ×58 · Battering Ram ×14 · Militia ×5 · Mangonel ×2
Mapa de la partida
Recursos iniciales + cada clic de construcción. Líneas = muros · curvas = relieve. ◆ oro · ⬟ piedra · ● bayas · ✦ reliquia · ◌ hueco del cierre
Tu base· ✓ Cerrada en 14:40 · 4t muro · 3 puerta(s)
Base de Astromantis· ✓ Cerrada en 17:02 · 0t muro · 3 puerta(s)
Base de Tgap· ✓ Cerrada en 15:27 · 5t muro · 3 puerta(s)
Base de LordRika· ✓ Cerrada en 21:01 · 0t muro · 2 puerta(s)
Base de Snorkiss89· ✓ Cerrada en 14:49 · 0t muro · 3 puerta(s)
Base de Bass· ✓ Cerrada en 14:39 · 0t muro · 2 puerta(s)
Base de Azulazar· ✓ Cerrada en 15:41 · 0t muro · 3 puerta(s)
Base de IMPORTAINER S.A @ DaNkoN_ARG· ✓ Cerrada en 26:14 · 1t muro · 2 puerta(s)
Terreno inicial suavizado · ◌ = hueco del cierre detectado · pasá el cursor para detalles
Inputs por minuto
— LetItGo :( - - Astromantis
Build order — LetItGo :(
Primeras 150 de 373 acciones detectadas
| 0:01 | Crear | Villager (Male) |
| 0:02 | Crear | Villager (Male) |
| 0:05 | Construir | House |
| 0:07 | Construir | House |
| 0:53 | Crear | Villager (Male) |
| 0:53 | Crear | Villager (Male) |
| 0:54 | Crear | Villager (Male) |
| 1:28 | Crear | Villager (Male) |
| 1:28 | Crear | Villager (Male) |
| 2:00 | Crear | Villager (Male) |
| 2:01 | Crear | Villager (Male) |
| 2:23 | Construir | Lumber Camp |
| 2:29 | Crear | Villager (Male) |
| 2:29 | Crear | Villager (Male) |
| 2:49 | Crear | Villager (Male) |
| 2:49 | Crear | Villager (Male) |
| 3:35 | Crear | Villager (Male) |
| 3:35 | Crear | Villager (Male) |
| 3:35 | Crear | Villager (Male) |
| 3:56 | Construir | House |
| 3:57 | Construir | House |
| 4:24 | Crear | Villager (Male) |
| 4:24 | Crear | Villager (Male) |
| 4:25 | Crear | Villager (Male) |
| 4:36 | Construir | House |
| 5:17 | Crear | Villager (Male) |
| 5:34 | Construir | Mill |
| 5:39 | Crear | Villager (Male) |
| 5:39 | Crear | Villager (Male) |
| 6:28 | Crear | Villager (Male) |
| 7:04 | Crear | Villager (Male) |
| 7:31 | Construir | Mining Camp |
| 7:37 | Crear | Villager (Male) |
| 8:01 | Crear | Villager (Male) |
| 8:07 | Investigar | Feudal Age |
| 8:07 | Investigar | Feudal Age |
| 8:07 | Investigar | Feudal Age |
| 9:20 | Construir | Farm |
| 9:45 | Crear | Villager (Male) |
| 10:37 | Edad | Edad Feudal |
| 10:44 | Construir | Market |
| 10:49 | Construir | Blacksmith |
| 11:08 | Crear | Villager (Male) |
| 11:35 | Investigar | Loom |
| 11:45 | Investigar | Castle Age |
| 11:46 | Investigar | Castle Age |
| 12:03 | Construir | House |
| 12:06 | Investigar | Double-Bit Axe |
| 12:07 | Investigar | Double-Bit Axe |
| 12:16 | Construir | House |
| 13:06 | Construir | House |
| 13:12 | Investigar | Horse Collar |
| 13:24 | Crear | Villager (Male) |
| 14:24 | Crear | Villager (Male) |
| 14:27 | Construir | Farm |
| 14:29 | Construir | Farm |
| 14:38 | Construir | Stone Wall |
| 14:40 | Edad | Edad de los Castillos |
| 14:50 | Construir | Siege Workshop |
| 14:53 | Construir | Monastery |
| 14:54 | Crear | Villager (Male) |
| 14:54 | Crear | Villager (Male) |
| 15:01 | Construir | Stone Wall |
| 15:09 | Construir | Stone Wall |
| 15:09 | Construir | Stone Wall |
| 15:11 | Construir | Stone Wall |
| 15:12 | Crear | Villager (Male) |
| 15:16 | Construir | Farm |
| 15:23 | Crear | Villager (Male) |
| 15:35 | Construir | Stone Wall |
| 15:36 | Construir | Stone Wall |
| 15:40 | Crear | Monk |
| 15:40 | Crear | Monk |
| 15:43 | Crear | Mangonel |
| 15:43 | Crear | Mangonel |
| 15:46 | Crear | Villager (Male) |
| 15:47 | Crear | Villager (Male) |
| 15:51 | Construir | Town Center |
| 15:55 | Construir | Stone Wall |
| 15:55 | Construir | Stone Wall |
| 15:56 | Construir | Stone Wall |
| 15:57 | Construir | Stone Wall |
| 16:21 | Crear | Villager (Male) |
| 16:25 | Investigar | Bow Saw |
| 16:25 | Investigar | Bow Saw |
| 16:27 | Construir | Stone Wall |
| 16:28 | Construir | Stone Wall |
| 16:29 | Construir | Stone Wall |
| 16:30 | Construir | Stone Wall |
| 16:32 | Construir | Stone Wall |
| 16:37 | Construir | Stone Wall |
| 16:42 | Construir | Stone Wall |
| 16:46 | Crear | Mangonel |
| 16:47 | Construir | Stone Wall |
| 16:49 | Construir | Stone Wall |
| 16:50 | Construir | Stone Wall |
| 16:51 | Construir | Stone Wall |
| 16:52 | Crear | Villager (Male) |
| 16:56 | Investigar | Heavy Plow |
| 17:00 | Construir | Farm |
| 17:01 | Construir | Farm |
| 17:08 | Crear | Villager (Male) |
| 17:21 | Construir | Mining Camp |
| 17:28 | Crear | Villager (Male) |
| 17:29 | Crear | Villager (Male) |
| 17:37 | Construir | Farm |
| 17:39 | Construir | Farm |
| 17:40 | Construir | Farm |
| 17:47 | Investigar | Sanctity |
| 17:48 | Investigar | Sanctity |
| 17:57 | Crear | Villager (Male) |
| 17:57 | Crear | Villager (Male) |
| 18:01 | Construir | House |
| 18:02 | Construir | House |
| 18:03 | Construir | House |
| 18:11 | Crear | Villager (Male) |
| 18:11 | Crear | Villager (Male) |
| 18:18 | Crear | Monk |
| 18:40 | Crear | Villager (Male) |
| 18:40 | Crear | Villager (Male) |
| 19:01 | Crear | Villager (Male) |
| 19:04 | Crear | Monk |
| 19:04 | Crear | Monk |
| 19:31 | Crear | Villager (Male) |
| 19:31 | Crear | Villager (Male) |
| 19:32 | Crear | Villager (Male) |
| 19:32 | Crear | Villager (Male) |
| 19:37 | Construir | Town Center |
| 19:54 | Construir | House |
| 19:55 | Construir | House |
| 19:56 | Construir | House |
| 20:03 | Crear | Villager (Male) |
| 20:03 | Crear | Villager (Male) |
| 20:08 | Construir | Farm |
| 20:08 | Construir | Farm |
| 20:09 | Construir | Farm |
| 20:20 | Crear | Villager (Male) |
| 20:20 | Crear | Villager (Male) |
| 20:45 | Crear | Villager (Male) |
| 20:45 | Crear | Villager (Male) |
| 20:48 | Construir | Farm |
| 20:48 | Construir | Farm |
| 20:49 | Construir | Farm |
| 20:53 | Construir | Farm |
| 20:53 | Construir | Farm |
| 21:06 | Crear | Monk |
| 21:21 | Crear | Villager (Male) |
| 21:22 | Crear | Villager (Male) |
| 21:24 | Construir | Farm |
| 21:25 | Construir | Farm |
Build order — Astromantis
Primeras 150 de 386 acciones detectadas
| 0:02 | Crear | Villager (Male) |
| 0:02 | Crear | Villager (Male) |
| 0:03 | Crear | Villager (Male) |
| 0:03 | Crear | Villager (Male) |
| 0:05 | Construir | House |
| 0:06 | Construir | House |
| 0:51 | Construir | House |
| 1:52 | Crear | Villager (Male) |
| 1:52 | Crear | Villager (Male) |
| 2:11 | Crear | Villager (Male) |
| 2:11 | Crear | Villager (Male) |
| 2:49 | Crear | Villager (Male) |
| 2:49 | Crear | Villager (Male) |
| 3:02 | Crear | Villager (Male) |
| 3:02 | Crear | Villager (Male) |
| 3:02 | Crear | Villager (Male) |
| 3:41 | Crear | Villager (Male) |
| 3:41 | Crear | Villager (Male) |
| 3:49 | Crear | Villager (Male) |
| 3:49 | Crear | Villager (Male) |
| 4:50 | Construir | Lumber Camp |
| 4:52 | Crear | Villager (Male) |
| 4:52 | Crear | Villager (Male) |
| 4:52 | Crear | Villager (Male) |
| 4:53 | Crear | Villager (Male) |
| 5:36 | Crear | Villager (Male) |
| 5:50 | Crear | Villager (Male) |
| 5:50 | Crear | Villager (Male) |
| 6:08 | Construir | House |
| 6:09 | Construir | House |
| 6:34 | Crear | Villager (Male) |
| 6:34 | Crear | Villager (Male) |
| 6:46 | Crear | Villager (Male) |
| 6:46 | Crear | Villager (Male) |
| 7:05 | Crear | Villager (Male) |
| 7:05 | Crear | Villager (Male) |
| 7:44 | Crear | Villager (Male) |
| 7:45 | Crear | Villager (Male) |
| 7:58 | Crear | Villager (Male) |
| 8:17 | Crear | Villager (Male) |
| 8:45 | Construir | Mill |
| 9:26 | Crear | Villager (Male) |
| 9:56 | Investigar | Feudal Age |
| 9:57 | Investigar | Feudal Age |
| 9:57 | Investigar | Feudal Age |
| 10:07 | Construir | Mining Camp |
| 10:53 | Construir | Farm |
| 11:11 | Investigar | Double-Bit Axe |
| 11:11 | Investigar | Double-Bit Axe |
| 11:38 | Construir | Farm |
| 11:59 | Construir | Farm |
| 12:05 | Crear | Villager (Male) |
| 12:05 | Crear | Villager (Male) |
| 12:05 | Crear | Villager (Male) |
| 12:06 | Edad | Edad Feudal |
| 12:43 | Crear | Villager (Male) |
| 12:45 | Construir | House |
| 12:59 | Construir | Market |
| 13:45 | Construir | Blacksmith |
| 14:22 | Investigar | Castle Age |
| 14:44 | Crear | Villager (Male) |
| 14:45 | Crear | Villager (Male) |
| 14:45 | Crear | Villager (Male) |
| 15:15 | Investigar | Horse Collar |
| 15:20 | Construir | Farm |
| 15:29 | Construir | Mining Camp |
| 16:49 | Crear | Villager (Male) |
| 16:49 | Crear | Villager (Male) |
| 16:49 | Crear | Villager (Male) |
| 17:02 | Edad | Edad de los Castillos |
| 17:25 | Crear | Villager (Male) |
| 17:25 | Crear | Villager (Male) |
| 18:07 | Crear | Villager (Male) |
| 18:07 | Crear | Villager (Male) |
| 18:35 | Crear | Villager (Male) |
| 18:35 | Crear | Villager (Male) |
| 18:41 | Construir | Town Center |
| 18:45 | Construir | House |
| 18:46 | Construir | House |
| 18:46 | Construir | House |
| 18:46 | Construir | House |
| 18:46 | Construir | House |
| 19:21 | Crear | Villager (Male) |
| 19:22 | Crear | Villager (Male) |
| 19:31 | Construir | Farm |
| 19:53 | Crear | Villager (Male) |
| 19:55 | Construir | Farm |
| 20:05 | Construir | Farm |
| 20:06 | Construir | Farm |
| 20:06 | Construir | Farm |
| 20:06 | Construir | Farm |
| 20:06 | Construir | Farm |
| 20:09 | Crear | Villager (Male) |
| 20:09 | Crear | Villager (Male) |
| 20:17 | Construir | Farm |
| 20:28 | Construir | Farm |
| 20:40 | Construir | Farm |
| 20:43 | Crear | Villager (Male) |
| 20:43 | Crear | Villager (Male) |
| 20:53 | Construir | Farm |
| 21:17 | Construir | Farm |
| 21:19 | Crear | Villager (Male) |
| 21:19 | Crear | Villager (Male) |
| 21:20 | Crear | Villager (Male) |
| 21:29 | Crear | Villager (Male) |
| 21:30 | Crear | Villager (Male) |
| 21:36 | Construir | Farm |
| 21:37 | Construir | Farm |
| 21:40 | Crear | Villager (Male) |
| 21:40 | Crear | Villager (Male) |
| 21:48 | Construir | House |
| 21:49 | Construir | House |
| 21:52 | Crear | Villager (Male) |
| 21:52 | Crear | Villager (Male) |
| 21:54 | Construir | Farm |
| 22:03 | Construir | Farm |
| 22:05 | Crear | Villager (Male) |
| 22:05 | Crear | Villager (Male) |
| 22:14 | Crear | Villager (Male) |
| 22:15 | Crear | Villager (Male) |
| 22:15 | Crear | Villager (Male) |
| 22:17 | Construir | Farm |
| 22:29 | Construir | Farm |
| 22:35 | Crear | Villager (Male) |
| 22:35 | Crear | Villager (Male) |
| 22:42 | Construir | House |
| 22:43 | Construir | House |
| 22:52 | Construir | Farm |
| 22:54 | Crear | Villager (Male) |
| 22:54 | Crear | Villager (Male) |
| 22:54 | Crear | Villager (Male) |
| 23:17 | Construir | Castle |
| 23:23 | Crear | Villager (Male) |
| 23:23 | Crear | Villager (Male) |
| 23:23 | Crear | Villager (Male) |
| 23:27 | Construir | Farm |
| 23:32 | Crear | Villager (Male) |
| 23:33 | Crear | Villager (Male) |
| 23:43 | Crear | Villager (Male) |
| 23:43 | Crear | Villager (Male) |
| 23:43 | Crear | Villager (Male) |
| 23:44 | Crear | Villager (Male) |
| 23:45 | Crear | Villager (Male) |
| 24:12 | Construir | Town Center |
| 24:18 | Construir | Mill |
| 24:20 | Construir | Farm |
| 24:21 | Crear | Villager (Male) |
| 24:21 | Crear | Villager (Male) |
| 24:21 | Crear | Villager (Male) |
| 24:22 | Crear | Villager (Male) |
Build order — Tgap
Primeras 150 de 424 acciones detectadas
| 0:02 | Crear | Villager (Male) |
| 0:02 | Crear | Villager (Male) |
| 0:02 | Crear | Villager (Male) |
| 0:02 | Crear | Villager (Male) |
| 0:03 | Construir | House |
| 0:05 | Construir | House |
| 1:50 | Crear | Villager (Male) |
| 1:50 | Crear | Villager (Male) |
| 1:50 | Crear | Villager (Male) |
| 1:59 | Construir | Lumber Camp |
| 2:46 | Crear | Villager (Male) |
| 2:46 | Crear | Villager (Male) |
| 3:00 | Crear | Villager (Male) |
| 3:01 | Crear | Villager (Male) |
| 3:01 | Crear | Villager (Male) |
| 3:27 | Construir | House |
| 3:41 | Crear | Villager (Male) |
| 4:15 | Crear | Villager (Male) |
| 4:18 | Construir | Mill |
| 4:53 | Crear | Villager (Male) |
| 4:55 | Crear | Villager (Male) |
| 5:27 | Construir | House |
| 5:29 | Construir | House |
| 5:33 | Crear | Villager (Male) |
| 5:33 | Crear | Villager (Male) |
| 5:51 | Crear | Villager (Male) |
| 6:19 | Crear | Villager (Male) |
| 6:21 | Crear | Villager (Male) |
| 6:21 | Crear | Villager (Male) |
| 6:34 | Crear | Villager (Male) |
| 6:34 | Crear | Villager (Male) |
| 6:54 | Crear | Villager (Male) |
| 6:54 | Crear | Villager (Male) |
| 7:18 | Crear | Villager (Male) |
| 7:19 | Crear | Villager (Male) |
| 7:19 | Crear | Villager (Male) |
| 7:44 | Crear | Villager (Male) |
| 7:48 | Crear | Villager (Male) |
| 7:48 | Crear | Villager (Male) |
| 7:48 | Crear | Villager (Male) |
| 8:09 | Crear | Villager (Male) |
| 8:11 | Crear | Villager (Male) |
| 8:12 | Crear | Villager (Male) |
| 8:36 | Crear | Villager (Male) |
| 9:06 | Construir | Mining Camp |
| 9:18 | Investigar | Feudal Age |
| 9:48 | Crear | Villager (Male) |
| 9:55 | Construir | Farm |
| 9:56 | Construir | Farm |
| 9:58 | Construir | Farm |
| 10:00 | Crear | Villager (Male) |
| 10:59 | Crear | Villager (Male) |
| 10:59 | Crear | Villager (Male) |
| 11:00 | Crear | Villager (Male) |
| 11:05 | Crear | Villager (Male) |
| 11:38 | Edad | Edad Feudal |
| 11:45 | Crear | Villager (Male) |
| 11:53 | Construir | Market |
| 11:56 | Construir | Blacksmith |
| 12:11 | Investigar | Double-Bit Axe |
| 12:47 | Investigar | Castle Age |
| 12:48 | Investigar | Castle Age |
| 12:52 | Construir | House |
| 12:54 | Construir | House |
| 12:54 | Construir | House |
| 13:13 | Crear | Villager (Male) |
| 13:22 | Investigar | Horse Collar |
| 13:49 | Construir | Palisade Wall |
| 13:51 | Construir | Palisade Gate |
| 13:52 | Construir | Palisade Wall |
| 13:57 | Construir | House |
| 14:04 | Investigar | Wheelbarrow |
| 14:20 | Construir | Farm |
| 14:22 | Construir | Farm |
| 14:27 | Construir | Farm |
| 14:31 | Construir | Farm |
| 15:08 | Investigar | Wheelbarrow |
| 15:27 | Edad | Edad de los Castillos |
| 15:31 | Investigar | Bow Saw |
| 15:31 | Investigar | Bow Saw |
| 15:42 | Construir | Town Center |
| 16:09 | Construir | Town Center |
| 16:20 | Crear | Villager (Male) |
| 16:32 | Construir | Farm |
| 16:37 | Crear | Villager (Male) |
| 16:59 | Crear | Villager (Male) |
| 16:59 | Crear | Villager (Male) |
| 17:08 | Crear | Villager (Male) |
| 17:08 | Crear | Villager (Male) |
| 17:12 | Investigar | Loom |
| 17:15 | Crear | Villager (Male) |
| 17:16 | Crear | Villager (Male) |
| 17:17 | Crear | Villager (Male) |
| 17:23 | Construir | Farm |
| 17:24 | Construir | Farm |
| 17:32 | Construir | Farm |
| 17:39 | Crear | Villager (Male) |
| 17:45 | Crear | Villager (Male) |
| 17:52 | Construir | Farm |
| 17:58 | Construir | Farm |
| 18:05 | Construir | Farm |
| 18:08 | Crear | Villager (Male) |
| 18:12 | Construir | Farm |
| 18:25 | Construir | Farm |
| 18:26 | Construir | Farm |
| 18:28 | Crear | Villager (Male) |
| 18:31 | Crear | Villager (Male) |
| 18:37 | Construir | Farm |
| 18:44 | Construir | House |
| 18:45 | Construir | House |
| 18:50 | Crear | Villager (Male) |
| 18:55 | Crear | Villager (Male) |
| 18:55 | Crear | Villager (Male) |
| 18:55 | Crear | Villager (Male) |
| 19:09 | Construir | Town Center |
| 19:14 | Crear | Villager (Male) |
| 19:15 | Crear | Villager (Male) |
| 19:22 | Crear | Villager (Male) |
| 19:26 | Construir | Farm |
| 19:32 | Crear | Villager (Male) |
| 19:32 | Crear | Villager (Male) |
| 19:42 | Construir | House |
| 19:43 | Construir | House |
| 20:08 | Construir | Siege Workshop |
| 20:09 | Construir | House |
| 20:12 | Crear | Villager (Male) |
| 20:13 | Crear | Villager (Male) |
| 20:14 | Crear | Villager (Male) |
| 20:14 | Crear | Villager (Male) |
| 20:15 | Crear | Villager (Male) |
| 20:18 | Construir | Farm |
| 20:22 | Crear | Villager (Male) |
| 20:25 | Construir | Farm |
| 20:30 | Crear | Villager (Male) |
| 20:36 | Construir | Farm |
| 20:39 | Construir | Farm |
| 20:41 | Crear | Villager (Male) |
| 20:45 | Crear | Villager (Male) |
| 20:50 | Construir | House |
| 20:51 | Construir | House |
| 20:56 | Construir | Farm |
| 20:58 | Construir | Farm |
| 20:59 | Crear | Villager (Male) |
| 21:00 | Crear | Villager (Male) |
| 21:06 | Construir | Farm |
| 21:07 | Construir | Farm |
| 21:08 | Crear | Villager (Male) |
| 21:11 | Construir | Farm |
| 21:12 | Crear | Villager (Male) |
| 21:17 | Crear | Villager (Male) |
Build order — LordRika
Primeras 150 de 534 acciones detectadas
| 0:01 | Crear | Villager (Male) |
| 0:01 | Crear | Villager (Male) |
| 0:04 | Construir | House |
| 0:11 | Crear | Villager (Male) |
| 0:11 | Crear | Villager (Male) |
| 0:13 | Investigar | Loom |
| 0:16 | Crear | Villager (Male) |
| 0:16 | Crear | Villager (Male) |
| 0:16 | Crear | Villager (Male) |
| 0:16 | Crear | Villager (Male) |
| 0:26 | Construir | House |
| 0:28 | Construir | House |
| 0:29 | Construir | House |
| 1:36 | Crear | Villager (Male) |
| 2:10 | Crear | Villager (Male) |
| 2:49 | Crear | Villager (Male) |
| 2:49 | Crear | Villager (Male) |
| 3:11 | Crear | Villager (Male) |
| 3:19 | Crear | Villager (Male) |
| 3:46 | Crear | Villager (Male) |
| 4:24 | Crear | Villager (Male) |
| 4:25 | Crear | Villager (Male) |
| 4:25 | Crear | Villager (Male) |
| 5:12 | Construir | Lumber Camp |
| 5:31 | Crear | Villager (Male) |
| 5:37 | Crear | Villager (Male) |
| 5:55 | Crear | Villager (Male) |
| 5:55 | Crear | Villager (Male) |
| 6:01 | Crear | Villager (Male) |
| 6:01 | Crear | Villager (Male) |
| 6:32 | Crear | Villager (Male) |
| 6:32 | Crear | Villager (Male) |
| 6:32 | Crear | Villager (Male) |
| 7:08 | Crear | Villager (Male) |
| 7:08 | Crear | Villager (Male) |
| 7:15 | Construir | Mill |
| 7:16 | Crear | Villager (Male) |
| 7:50 | Crear | Villager (Male) |
| 7:54 | Investigar | Feudal Age |
| 9:07 | Construir | House |
| 9:07 | Construir | House |
| 9:09 | Construir | House |
| 9:26 | Crear | Villager (Male) |
| 9:27 | Crear | Villager (Male) |
| 9:29 | Crear | Villager (Male) |
| 10:08 | Edad | Edad Feudal |
| 10:24 | Crear | Villager (Male) |
| 10:24 | Crear | Villager (Male) |
| 10:24 | Crear | Villager (Male) |
| 10:30 | Crear | Villager (Male) |
| 10:30 | Crear | Villager (Male) |
| 10:30 | Crear | Villager (Male) |
| 10:44 | Construir | Town Center |
| 10:46 | Crear | Villager (Male) |
| 10:50 | Crear | Villager (Male) |
| 10:59 | Construir | Market |
| 11:01 | Crear | Villager (Male) |
| 11:34 | Crear | Villager (Male) |
| 12:08 | Crear | Villager (Male) |
| 12:13 | Crear | Villager (Male) |
| 12:15 | Crear | Villager (Male) |
| 12:31 | Crear | Villager (Male) |
| 12:31 | Crear | Villager (Male) |
| 12:31 | Crear | Villager (Male) |
| 12:32 | Crear | Villager (Male) |
| 12:32 | Crear | Villager (Male) |
| 12:36 | Construir | Mining Camp |
| 12:52 | Crear | Villager (Male) |
| 13:12 | Crear | Villager (Male) |
| 13:13 | Crear | Villager (Male) |
| 13:21 | Investigar | Horse Collar |
| 14:17 | Crear | Villager (Male) |
| 14:21 | Crear | Villager (Male) |
| 14:22 | Crear | Villager (Male) |
| 14:22 | Crear | Villager (Male) |
| 14:37 | Construir | Farm |
| 14:37 | Construir | Farm |
| 14:37 | Construir | Farm |
| 14:37 | Construir | Farm |
| 14:37 | Construir | Farm |
| 14:38 | Construir | Farm |
| 14:38 | Construir | Farm |
| 14:38 | Construir | Farm |
| 14:38 | Construir | Farm |
| 14:38 | Construir | Farm |
| 14:39 | Construir | Farm |
| 14:39 | Construir | Farm |
| 14:39 | Construir | Farm |
| 14:39 | Construir | Farm |
| 14:40 | Construir | Farm |
| 14:40 | Construir | Farm |
| 14:40 | Construir | Farm |
| 14:40 | Construir | Farm |
| 14:40 | Construir | Farm |
| 14:41 | Construir | Farm |
| 14:41 | Construir | Farm |
| 14:41 | Construir | Farm |
| 14:41 | Construir | Farm |
| 14:42 | Construir | Farm |
| 14:42 | Construir | Farm |
| 14:48 | Construir | Farm |
| 14:48 | Construir | Farm |
| 14:48 | Construir | Farm |
| 14:49 | Construir | Farm |
| 14:49 | Construir | Farm |
| 14:49 | Construir | Farm |
| 14:49 | Construir | Farm |
| 14:50 | Construir | Farm |
| 14:50 | Construir | Farm |
| 14:50 | Construir | Farm |
| 14:50 | Construir | Farm |
| 14:51 | Construir | Farm |
| 14:51 | Construir | Farm |
| 14:51 | Construir | Farm |
| 14:51 | Construir | Farm |
| 14:51 | Construir | Farm |
| 14:52 | Construir | Farm |
| 14:52 | Construir | Farm |
| 14:52 | Construir | Farm |
| 14:52 | Construir | Farm |
| 14:52 | Construir | Farm |
| 14:53 | Construir | Farm |
| 14:53 | Construir | Farm |
| 14:53 | Construir | Farm |
| 14:53 | Construir | Farm |
| 14:54 | Construir | Farm |
| 14:54 | Construir | Farm |
| 14:54 | Construir | Farm |
| 14:54 | Construir | Farm |
| 14:55 | Construir | Farm |
| 14:55 | Construir | Farm |
| 15:11 | Crear | Villager (Male) |
| 15:15 | Construir | Farm |
| 15:15 | Construir | Farm |
| 15:15 | Construir | Farm |
| 15:16 | Construir | Farm |
| 15:16 | Construir | Farm |
| 15:16 | Construir | Farm |
| 15:16 | Construir | Farm |
| 15:17 | Construir | Farm |
| 15:17 | Construir | Farm |
| 15:17 | Construir | Farm |
| 15:17 | Construir | Farm |
| 15:17 | Construir | Farm |
| 15:18 | Construir | Farm |
| 15:18 | Construir | Farm |
| 15:18 | Construir | Farm |
| 15:18 | Construir | Farm |
| 15:19 | Construir | Farm |
| 15:19 | Construir | Farm |
Build order — Snorkiss89
Primeras 150 de 377 acciones detectadas
| 0:03 | Crear | Villager (Male) |
| 0:03 | Crear | Villager (Male) |
| 0:05 | Construir | House |
| 0:06 | Construir | House |
| 0:34 | Crear | Villager (Male) |
| 0:35 | Crear | Villager (Male) |
| 1:34 | Crear | Villager (Male) |
| 1:49 | Construir | Lumber Camp |
| 1:55 | Crear | Villager (Male) |
| 2:30 | Crear | Villager (Male) |
| 2:55 | Crear | Villager (Male) |
| 2:59 | Crear | Villager (Male) |
| 3:02 | Construir | House |
| 3:03 | Construir | House |
| 3:49 | Crear | Villager (Male) |
| 3:49 | Crear | Villager (Male) |
| 4:28 | Crear | Villager (Male) |
| 4:52 | Crear | Villager (Male) |
| 5:18 | Construir | Mill |
| 5:31 | Crear | Villager (Male) |
| 5:44 | Crear | Villager (Male) |
| 5:44 | Crear | Villager (Male) |
| 6:30 | Crear | Villager (Male) |
| 6:30 | Crear | Villager (Male) |
| 6:30 | Crear | Villager (Male) |
| 6:31 | Crear | Villager (Male) |
| 6:34 | Crear | Villager (Male) |
| 6:53 | Crear | Villager (Male) |
| 8:48 | Investigar | Feudal Age |
| 10:42 | Construir | Mining Camp |
| 10:49 | Crear | Villager (Male) |
| 10:50 | Crear | Villager (Male) |
| 11:01 | Edad | Edad Feudal |
| 11:02 | Construir | Market |
| 11:04 | Construir | Blacksmith |
| 12:09 | Investigar | Castle Age |
| 12:13 | Construir | Barracks |
| 12:58 | Construir | Stable |
| 13:01 | Investigar | Double-Bit Axe |
| 13:05 | Investigar | Horse Collar |
| 14:15 | Construir | House |
| 14:44 | Crear | Villager (Male) |
| 14:49 | Edad | Edad de los Castillos |
| 14:51 | Construir | Town Center |
| 14:54 | Investigar | Heavy Plow |
| 15:11 | Crear | Villager (Male) |
| 15:25 | Construir | Town Center |
| 15:31 | Construir | Farm |
| 15:40 | Crear | Villager (Male) |
| 15:42 | Construir | Farm |
| 15:49 | Crear | Villager (Male) |
| 16:03 | Construir | Farm |
| 16:06 | Crear | Villager (Male) |
| 16:09 | Construir | Farm |
| 16:15 | Construir | House |
| 16:26 | Construir | Farm |
| 16:30 | Crear | Villager (Male) |
| 16:33 | Crear | Villager (Male) |
| 16:36 | Construir | Farm |
| 16:42 | Crear | Villager (Male) |
| 16:49 | Construir | Farm |
| 16:51 | Construir | Farm |
| 16:56 | Construir | House |
| 16:58 | Crear | Villager (Male) |
| 17:16 | Construir | Mill |
| 17:20 | Crear | Villager (Male) |
| 17:20 | Crear | Villager (Male) |
| 17:29 | Crear | Villager (Male) |
| 17:37 | Construir | House |
| 17:37 | Construir | House |
| 17:42 | Construir | Farm |
| 17:43 | Construir | Farm |
| 17:45 | Construir | Farm |
| 17:46 | Construir | Farm |
| 17:50 | Construir | Farm |
| 17:55 | Construir | Farm |
| 17:58 | Crear | Villager (Male) |
| 17:58 | Crear | Villager (Male) |
| 17:58 | Crear | Villager (Male) |
| 18:01 | Construir | Farm |
| 18:02 | Crear | Villager (Male) |
| 18:02 | Crear | Villager (Male) |
| 18:09 | Construir | Farm |
| 18:10 | Crear | Villager (Male) |
| 18:16 | Construir | Farm |
| 18:28 | Crear | Villager (Male) |
| 18:29 | Crear | Villager (Male) |
| 18:30 | Crear | Villager (Male) |
| 18:35 | Construir | House |
| 18:36 | Construir | House |
| 18:57 | Investigar | Bow Saw |
| 18:57 | Investigar | Bow Saw |
| 19:10 | Construir | Mill |
| 19:13 | Crear | Villager (Male) |
| 19:13 | Crear | Villager (Male) |
| 19:21 | Crear | Villager (Male) |
| 19:25 | Construir | Farm |
| 19:25 | Construir | Farm |
| 19:26 | Construir | Farm |
| 19:27 | Construir | Farm |
| 19:28 | Construir | Farm |
| 19:35 | Crear | Villager (Male) |
| 19:36 | Crear | Villager (Male) |
| 19:37 | Crear | Villager (Male) |
| 19:45 | Construir | Farm |
| 19:48 | Construir | Farm |
| 19:52 | Construir | Farm |
| 19:53 | Crear | Villager (Male) |
| 19:58 | Crear | Villager (Male) |
| 20:08 | Crear | Villager (Male) |
| 20:09 | Crear | Villager (Male) |
| 20:11 | Construir | House |
| 20:11 | Construir | House |
| 20:12 | Construir | House |
| 20:29 | Crear | Villager (Male) |
| 20:29 | Crear | Villager (Male) |
| 20:34 | Investigar | Wheelbarrow |
| 20:51 | Crear | Villager (Male) |
| 20:52 | Crear | Villager (Male) |
| 21:17 | Construir | Mill |
| 21:18 | Construir | Farm |
| 21:19 | Construir | Farm |
| 21:19 | Construir | Farm |
| 21:19 | Construir | Farm |
| 21:19 | Construir | Farm |
| 21:20 | Construir | Farm |
| 21:20 | Construir | Farm |
| 21:21 | Construir | Farm |
| 21:22 | Crear | Villager (Male) |
| 21:22 | Crear | Villager (Male) |
| 21:39 | Crear | Villager (Male) |
| 21:42 | Crear | Villager (Male) |
| 21:45 | Investigar | Gold Mining |
| 21:50 | Construir | House |
| 21:51 | Construir | House |
| 21:57 | Crear | Villager (Male) |
| 22:11 | Crear | Villager (Male) |
| 22:14 | Investigar | Hand Cart |
| 22:15 | Crear | Villager (Male) |
| 22:15 | Crear | Villager (Male) |
| 22:19 | Investigar | Stone Mining |
| 22:43 | Crear | Villager (Male) |
| 22:43 | Crear | Villager (Male) |
| 22:44 | Crear | Villager (Male) |
| 23:02 | Construir | Mill |
| 23:03 | Construir | Farm |
| 23:03 | Construir | Farm |
| 23:04 | Construir | Farm |
| 23:04 | Construir | Farm |
| 23:04 | Construir | Farm |
Build order — Bass
Primeras 150 de 173 acciones detectadas
| 0:02 | Crear | Villager (Male) |
| 0:02 | Crear | Villager (Male) |
| 0:03 | Construir | House |
| 0:05 | Construir | House |
| 0:20 | Crear | Villager (Male) |
| 0:20 | Crear | Villager (Male) |
| 1:35 | Crear | Villager (Male) |
| 1:55 | Construir | Lumber Camp |
| 1:57 | Crear | Villager (Male) |
| 1:57 | Crear | Villager (Male) |
| 2:21 | Crear | Villager (Male) |
| 2:50 | Crear | Villager (Male) |
| 2:59 | Construir | House |
| 3:20 | Crear | Villager (Male) |
| 3:56 | Crear | Villager (Male) |
| 4:15 | Crear | Villager (Male) |
| 4:23 | Construir | Mill |
| 4:36 | Crear | Villager (Male) |
| 4:56 | Crear | Villager (Male) |
| 5:30 | Crear | Villager (Male) |
| 5:52 | Crear | Villager (Male) |
| 5:54 | Construir | House |
| 6:21 | Crear | Villager (Male) |
| 6:36 | Crear | Villager (Male) |
| 7:07 | Construir | House |
| 7:13 | Crear | Villager (Male) |
| 7:26 | Construir | Mining Camp |
| 7:40 | Crear | Villager (Male) |
| 7:48 | Construir | Mining Camp |
| 7:58 | Construir | Mining Camp |
| 8:04 | Investigar | Feudal Age |
| 10:16 | Edad | Edad Feudal |
| 10:17 | Crear | Villager (Male) |
| 10:20 | Construir | Market |
| 10:41 | Crear | Villager (Male) |
| 10:47 | Construir | Blacksmith |
| 11:05 | Crear | Villager (Male) |
| 11:34 | Crear | Villager (Male) |
| 11:55 | Investigar | Castle Age |
| 11:56 | Investigar | Castle Age |
| 12:10 | Investigar | Double-Bit Axe |
| 12:10 | Investigar | Double-Bit Axe |
| 12:41 | Construir | Barracks |
| 13:15 | Construir | House |
| 13:24 | Crear | Spearman |
| 13:46 | Crear | Spearman |
| 14:39 | Edad | Edad de los Castillos |
| 14:41 | Crear | Villager (Male) |
| 14:42 | Crear | Villager (Male) |
| 14:47 | Construir | Siege Workshop |
| 15:17 | Crear | Mangonel |
| 15:19 | Construir | Castle |
| 15:36 | Crear | Villager (Male) |
| 15:37 | Construir | House |
| 15:57 | Crear | Villager (Male) |
| 16:11 | Construir | Farm |
| 16:17 | Crear | Villager (Male) |
| 16:21 | Investigar | Fletching |
| 16:35 | Construir | Farm |
| 17:00 | Crear | Battering Ram |
| 17:05 | Crear | Genoese Crossbowman |
| 17:05 | Crear | Genoese Crossbowman |
| 17:09 | Construir | Farm |
| 17:37 | Crear | Battering Ram |
| 17:41 | Crear | Genoese Crossbowman |
| 17:42 | Crear | Genoese Crossbowman |
| 17:56 | Crear | Villager (Male) |
| 18:04 | Crear | Genoese Crossbowman |
| 18:30 | Crear | Genoese Crossbowman |
| 18:33 | Crear | Villager (Male) |
| 18:35 | Construir | Farm |
| 18:45 | Crear | Genoese Crossbowman |
| 19:44 | Crear | Genoese Crossbowman |
| 19:44 | Crear | Genoese Crossbowman |
| 19:50 | Crear | Villager (Male) |
| 19:50 | Crear | Villager (Male) |
| 19:52 | Construir | Farm |
| 20:12 | Crear | Genoese Crossbowman |
| 20:22 | Construir | House |
| 21:02 | Crear | Genoese Crossbowman |
| 21:02 | Crear | Genoese Crossbowman |
| 21:11 | Crear | Battering Ram |
| 21:16 | Crear | Genoese Crossbowman |
| 21:21 | Crear | Villager (Male) |
| 21:21 | Crear | Villager (Male) |
| 21:36 | Crear | Genoese Crossbowman |
| 21:58 | Construir | Castle |
| 22:06 | Construir | Farm |
| 22:12 | Investigar | Bodkin Arrow |
| 22:13 | Investigar | Bodkin Arrow |
| 22:25 | Crear | Genoese Crossbowman |
| 22:43 | Crear | Villager (Male) |
| 22:44 | Crear | Villager (Male) |
| 22:44 | Crear | Villager (Male) |
| 22:49 | Construir | Farm |
| 22:53 | Crear | Genoese Crossbowman |
| 23:01 | Construir | Mill |
| 23:10 | Crear | Villager (Male) |
| 23:12 | Construir | Farm |
| 23:16 | Crear | Genoese Crossbowman |
| 23:18 | Crear | Genoese Crossbowman |
| 23:39 | Construir | Farm |
| 23:47 | Crear | Villager (Male) |
| 24:07 | Crear | Petard |
| 24:09 | Crear | Petard |
| 24:27 | Crear | Villager (Male) |
| 24:27 | Crear | Villager (Male) |
| 24:34 | Construir | Farm |
| 24:36 | Construir | Farm |
| 24:39 | Construir | Farm |
| 26:28 | Crear | Villager (Male) |
| 26:28 | Crear | Villager (Male) |
| 26:28 | Crear | Villager (Male) |
| 27:00 | Crear | Villager (Male) |
| 27:45 | Crear | Villager (Male) |
| 27:45 | Crear | Villager (Male) |
| 28:22 | Construir | Mining Camp |
| 28:31 | Investigar | Imperial Age |
| 28:31 | Investigar | Imperial Age |
| 28:31 | Investigar | Imperial Age |
| 28:36 | Construir | Town Center |
| 29:42 | Crear | Mangonel |
| 29:43 | Crear | Mangonel |
| 29:43 | Crear | Mangonel |
| 29:50 | Investigar | Bow Saw |
| 29:51 | Investigar | Bow Saw |
| 30:01 | Investigar | Padded Archer Armor |
| 30:15 | Construir | Outpost |
| 30:21 | Crear | Genoese Crossbowman |
| 30:22 | Crear | Genoese Crossbowman |
| 30:50 | Construir | Lumber Camp |
| 31:18 | Construir | Stone Wall |
| 31:20 | Construir | Stone Wall |
| 31:25 | Crear | Genoese Crossbowman |
| 31:26 | Crear | Genoese Crossbowman |
| 31:41 | Edad | Edad Imperial |
| 31:59 | Crear | Trebuchet (Packed) |
| 32:06 | Crear | Villager (Male) |
| 32:07 | Crear | Villager (Male) |
| 32:07 | Crear | Villager (Male) |
| 32:07 | Crear | Villager (Male) |
| 32:09 | Crear | Villager (Male) |
| 32:09 | Crear | Villager (Male) |
| 32:09 | Crear | Villager (Male) |
| 32:09 | Crear | Villager (Male) |
| 32:10 | Crear | Villager (Male) |
| 32:28 | Crear | Genoese Crossbowman |
| 32:28 | Crear | Genoese Crossbowman |
| 32:30 | Crear | Genoese Crossbowman |
| 32:30 | Crear | Genoese Crossbowman |
Build order — Azulazar
Primeras 150 de 195 acciones detectadas
| 0:01 | Crear | Villager (Male) |
| 0:01 | Crear | Villager (Male) |
| 0:01 | Crear | Villager (Male) |
| 0:03 | Construir | House |
| 0:04 | Construir | House |
| 0:15 | Crear | Villager (Male) |
| 0:15 | Crear | Villager (Male) |
| 1:24 | Crear | Villager (Male) |
| 1:24 | Crear | Villager (Male) |
| 1:49 | Crear | Villager (Male) |
| 1:49 | Crear | Villager (Male) |
| 2:24 | Construir | Lumber Camp |
| 2:25 | Crear | Villager (Male) |
| 2:25 | Crear | Villager (Male) |
| 2:25 | Crear | Villager (Male) |
| 2:36 | Construir | House |
| 2:38 | Construir | House |
| 2:54 | Crear | Villager (Male) |
| 2:54 | Crear | Villager (Male) |
| 3:23 | Crear | Villager (Male) |
| 3:23 | Crear | Villager (Male) |
| 3:51 | Crear | Villager (Male) |
| 3:52 | Crear | Villager (Male) |
| 4:30 | Crear | Villager (Male) |
| 4:55 | Crear | Villager (Male) |
| 4:56 | Crear | Villager (Male) |
| 5:18 | Crear | Villager (Male) |
| 5:18 | Crear | Villager (Male) |
| 5:52 | Crear | Villager (Male) |
| 5:52 | Crear | Villager (Male) |
| 6:20 | Construir | Mill |
| 6:44 | Crear | Villager (Male) |
| 6:54 | Crear | Villager (Male) |
| 6:54 | Crear | Villager (Male) |
| 6:55 | Crear | Villager (Male) |
| 7:08 | Crear | Villager (Male) |
| 7:20 | Construir | House |
| 7:21 | Construir | House |
| 7:57 | Crear | Villager (Male) |
| 7:57 | Crear | Villager (Male) |
| 8:23 | Crear | Villager (Male) |
| 8:30 | Crear | Villager (Male) |
| 8:31 | Crear | Villager (Male) |
| 8:54 | Crear | Villager (Male) |
| 9:05 | Crear | Villager (Male) |
| 9:11 | Investigar | Feudal Age |
| 9:12 | Investigar | Feudal Age |
| 9:15 | Construir | Mining Camp |
| 9:19 | Construir | Mining Camp |
| 10:05 | Crear | Villager (Male) |
| 10:05 | Crear | Villager (Male) |
| 10:13 | Construir | Farm |
| 10:15 | Construir | Farm |
| 11:21 | Crear | Villager (Male) |
| 11:21 | Edad | Edad Feudal |
| 11:23 | Construir | Market |
| 11:27 | Construir | Blacksmith |
| 11:48 | Crear | Villager (Male) |
| 11:56 | Construir | Farm |
| 12:17 | Construir | Farm |
| 13:00 | Investigar | Castle Age |
| 13:01 | Investigar | Loom |
| 13:10 | Construir | Farm |
| 13:50 | Investigar | Double-Bit Axe |
| 13:51 | Investigar | Horse Collar |
| 15:41 | Edad | Edad de los Castillos |
| 15:45 | Construir | Castle |
| 15:59 | Crear | Villager (Male) |
| 16:01 | Investigar | Fletching |
| 16:58 | Crear | Villager (Male) |
| 16:58 | Crear | Villager (Male) |
| 17:31 | Construir | Stone Wall |
| 17:41 | Construir | Stone Wall |
| 17:46 | Construir | Farm |
| 17:48 | Crear | Villager (Male) |
| 17:48 | Crear | Villager (Male) |
| 17:55 | Construir | Mining Camp |
| 18:00 | Construir | Mill |
| 18:01 | Construir | Farm |
| 18:05 | Construir | Farm |
| 18:06 | Construir | Farm |
| 18:16 | Crear | Villager (Male) |
| 18:34 | Construir | Farm |
| 18:44 | Construir | Siege Workshop |
| 19:01 | Crear | Petard |
| 19:01 | Crear | Petard |
| 19:14 | Crear | Mangonel |
| 19:14 | Crear | Mangonel |
| 19:21 | Construir | Gate |
| 19:24 | Construir | Stone Wall |
| 19:52 | Crear | Villager (Male) |
| 19:53 | Crear | Villager (Male) |
| 19:53 | Crear | Villager (Male) |
| 19:55 | Crear | Mangonel |
| 19:55 | Crear | Mangonel |
| 20:13 | Crear | Petard |
| 21:05 | Crear | Villager (Male) |
| 21:06 | Crear | Villager (Male) |
| 21:08 | Crear | Battering Ram |
| 21:09 | Crear | Battering Ram |
| 21:09 | Crear | Battering Ram |
| 21:18 | Crear | Petard |
| 21:19 | Crear | Petard |
| 21:19 | Crear | Petard |
| 21:43 | Crear | Villager (Male) |
| 22:40 | Crear | Villager (Male) |
| 22:40 | Crear | Villager (Male) |
| 22:45 | Construir | Castle |
| 22:57 | Crear | Villager (Male) |
| 23:15 | Construir | Farm |
| 23:18 | Construir | Farm |
| 23:48 | Crear | Villager (Male) |
| 23:48 | Crear | Villager (Male) |
| 23:59 | Construir | House |
| 24:02 | Construir | Stone Wall |
| 24:28 | Construir | Lumber Camp |
| 24:45 | Crear | Villager (Male) |
| 24:58 | Construir | Farm |
| 25:15 | Construir | Gate |
| 25:20 | Construir | Stone Wall |
| 25:55 | Construir | Stone Wall |
| 26:30 | Crear | Villager (Male) |
| 26:31 | Crear | Villager (Male) |
| 26:31 | Crear | Villager (Male) |
| 26:44 | Construir | Gate |
| 26:47 | Construir | Gate |
| 26:55 | Construir | University |
| 27:00 | Construir | Monastery |
| 27:04 | Construir | Monastery |
| 27:06 | Crear | Villager (Male) |
| 27:20 | Construir | Palisade Wall |
| 27:22 | Construir | Palisade Wall |
| 27:23 | Construir | Palisade Wall |
| 27:33 | Construir | Gate |
| 27:48 | Crear | Villager (Male) |
| 27:48 | Crear | Villager (Male) |
| 28:03 | Crear | Villager (Male) |
| 28:43 | Construir | House |
| 28:46 | Construir | House |
| 28:46 | Construir | House |
| 28:47 | Construir | House |
| 28:47 | Construir | House |
| 28:47 | Construir | House |
| 28:47 | Construir | House |
| 29:20 | Investigar | Imperial Age |
| 29:23 | Construir | Lumber Camp |
| 30:20 | Investigar | Stone Mining |
| 30:52 | Construir | Town Center |
| 31:19 | Investigar | Bow Saw |
| 31:46 | Crear | Villager (Male) |
Build order — IMPORTAINER S.A @ DaNkoN_ARG
Primeras 150 de 400 acciones detectadas
| 0:02 | Construir | House |
| 0:04 | Construir | House |
| 0:09 | Crear | Villager (Male) |
| 0:09 | Crear | Villager (Male) |
| 0:09 | Crear | Villager (Male) |
| 0:09 | Crear | Villager (Male) |
| 1:30 | Crear | Villager (Male) |
| 1:30 | Crear | Villager (Male) |
| 1:30 | Crear | Villager (Male) |
| 1:56 | Crear | Villager (Male) |
| 1:56 | Crear | Villager (Male) |
| 2:00 | Construir | Lumber Camp |
| 2:08 | Crear | Villager (Male) |
| 2:08 | Crear | Villager (Male) |
| 2:40 | Crear | Villager (Male) |
| 2:40 | Crear | Villager (Male) |
| 3:05 | Crear | Villager (Male) |
| 3:18 | Construir | House |
| 3:18 | Construir | House |
| 3:54 | Crear | Villager (Male) |
| 3:54 | Crear | Villager (Male) |
| 3:54 | Crear | Villager (Male) |
| 4:39 | Crear | Villager (Male) |
| 4:39 | Crear | Villager (Male) |
| 4:48 | Construir | Mill |
| 5:02 | Crear | Villager (Male) |
| 5:02 | Crear | Villager (Male) |
| 5:03 | Crear | Villager (Male) |
| 5:12 | Crear | Villager (Male) |
| 5:12 | Crear | Villager (Male) |
| 6:02 | Crear | Villager (Male) |
| 6:02 | Crear | Villager (Male) |
| 6:23 | Crear | Villager (Male) |
| 6:23 | Crear | Villager (Male) |
| 6:24 | Crear | Villager (Male) |
| 6:49 | Crear | Villager (Male) |
| 7:04 | Crear | Villager (Male) |
| 7:08 | Construir | House |
| 7:11 | Construir | House |
| 7:13 | Construir | Palisade Wall |
| 7:22 | Crear | Villager (Male) |
| 7:40 | Crear | Villager (Male) |
| 7:46 | Construir | Lumber Camp |
| 8:31 | Crear | Villager (Male) |
| 8:33 | Construir | Mining Camp |
| 9:04 | Investigar | Feudal Age |
| 9:50 | Construir | Barracks |
| 10:24 | Construir | House |
| 10:59 | Crear | Militia |
| 10:59 | Crear | Militia |
| 11:03 | Crear | Militia |
| 11:06 | Construir | House |
| 11:11 | Crear | Militia |
| 11:29 | Edad | Edad Feudal |
| 11:35 | Crear | Villager (Male) |
| 11:39 | Construir | Blacksmith |
| 11:47 | Investigar | Double-Bit Axe |
| 11:56 | Crear | Militia |
| 12:03 | Crear | Villager (Male) |
| 12:04 | Crear | Villager (Male) |
| 12:10 | Crear | Spearman |
| 12:18 | Construir | Siege Workshop |
| 12:42 | Crear | Villager (Male) |
| 12:57 | Investigar | Man-at-Arms (upgrade) |
| 13:10 | Crear | Villager (Male) |
| 13:15 | Crear | Battering Ram |
| 13:17 | Crear | Battering Ram |
| 13:24 | Crear | Villager (Male) |
| 13:32 | Construir | Farm |
| 13:33 | Construir | Farm |
| 13:38 | Construir | Farm |
| 13:41 | Construir | Farm |
| 13:45 | Crear | Villager (Male) |
| 14:18 | Construir | House |
| 14:18 | Construir | House |
| 14:23 | Investigar | Loom |
| 14:24 | Investigar | Wheelbarrow |
| 14:47 | Crear | Villager (Male) |
| 14:50 | Construir | Farm |
| 14:51 | Construir | Farm |
| 14:57 | Crear | Battering Ram |
| 15:02 | Construir | Farm |
| 15:05 | Construir | Farm |
| 15:06 | Construir | Farm |
| 15:08 | Construir | Farm |
| 15:09 | Crear | Villager (Male) |
| 15:43 | Construir | House |
| 15:44 | Construir | House |
| 15:56 | Crear | Villager (Male) |
| 16:05 | Construir | Town Center |
| 16:07 | Crear | Villager (Male) |
| 16:37 | Crear | Villager (Male) |
| 17:00 | Construir | House |
| 17:08 | Crear | Villager (Male) |
| 17:24 | Construir | Mill |
| 17:25 | Construir | Farm |
| 17:26 | Construir | Farm |
| 17:26 | Construir | Farm |
| 17:37 | Construir | House |
| 17:38 | Construir | House |
| 17:38 | Construir | House |
| 17:39 | Construir | House |
| 17:55 | Crear | Villager (Male) |
| 17:55 | Crear | Villager (Male) |
| 18:10 | Crear | Villager (Male) |
| 18:11 | Crear | Villager (Male) |
| 19:30 | Crear | Battering Ram |
| 19:32 | Crear | Villager (Male) |
| 19:33 | Crear | Villager (Male) |
| 19:33 | Crear | Villager (Male) |
| 19:36 | Construir | Farm |
| 19:36 | Construir | Farm |
| 19:37 | Construir | Farm |
| 19:37 | Construir | Farm |
| 19:38 | Construir | Farm |
| 19:39 | Construir | Farm |
| 19:58 | Construir | House |
| 19:59 | Construir | House |
| 20:01 | Crear | Villager (Male) |
| 20:03 | Crear | Battering Ram |
| 20:12 | Crear | Villager (Male) |
| 20:13 | Crear | Villager (Male) |
| 20:15 | Construir | Farm |
| 20:17 | Investigar | Horse Collar |
| 20:17 | Investigar | Horse Collar |
| 20:18 | Crear | Villager (Male) |
| 20:18 | Crear | Villager (Male) |
| 20:30 | Construir | Mill |
| 20:31 | Construir | Farm |
| 20:31 | Construir | Farm |
| 20:32 | Construir | Farm |
| 20:33 | Construir | Farm |
| 20:43 | Crear | Villager (Male) |
| 20:43 | Crear | Villager (Male) |
| 21:00 | Construir | Farm |
| 21:36 | Crear | Villager (Male) |
| 21:37 | Crear | Villager (Male) |
| 21:43 | Construir | Farm |
| 21:48 | Construir | Farm |
| 21:49 | Construir | Farm |
| 22:07 | Crear | Spearman |
| 22:07 | Crear | Spearman |
| 22:11 | Construir | Barracks |
| 22:19 | Crear | Villager (Male) |
| 22:19 | Crear | Villager (Male) |
| 22:20 | Crear | Villager (Male) |
| 22:22 | Crear | Spearman |
| 22:23 | Crear | Spearman |
| 22:25 | Investigar | Scale Mail Armor |
| 22:25 | Investigar | Forging |
Cronología de la partida
| 7:13 | IMPORTAINER S.A @ DaNkoN_ARG · wall_segment Palisade Wall x1 |
| 9:50 | IMPORTAINER S.A @ DaNkoN_ARG · first_building Barracks |
| 10:08 | LordRika · age_up feudal |
| 10:16 | Bass · age_up feudal |
| 10:37 | LetItGo :( · age_up feudal |
| 11:01 | Snorkiss89 · age_up feudal |
| 11:21 | Azulazar · age_up feudal |
| 11:29 | IMPORTAINER S.A @ DaNkoN_ARG · age_up feudal |
| 11:38 | Tgap · age_up feudal |
| 12:06 | Astromantis · age_up feudal |
| 12:13 | Snorkiss89 · first_building Barracks |
| 12:18 | IMPORTAINER S.A @ DaNkoN_ARG · first_building Siege Workshop |
| 12:41 | Bass · first_building Barracks |
| 12:58 | Snorkiss89 · first_building Stable |
| 13:49 | Tgap · wall_segment Palisade Wall x4 |
| 13:52 | Tgap · wall_segment Palisade Wall x1 |
| 14:30 | Astromantis · tribute_sent a jugador 2 |
| 14:30 | Astromantis · tribute_sent a jugador 3 |
| 14:30 | Astromantis · tribute_sent a jugador 4 |
| 14:30 | Astromantis · tribute_sent a jugador 5 |
| 14:30 | Astromantis · tribute_sent a jugador 6 |
| 14:30 | Astromantis · tribute_sent a jugador 7 |
| 14:30 | Astromantis · tribute_sent a jugador 8 |
| 14:38 | LetItGo :( · wall_segment Stone Wall x4 |
| 14:39 | Bass · age_up castle |
| 14:40 | LetItGo :( · age_up castle |
| 14:47 | Bass · first_building Siege Workshop |
| 14:49 | Snorkiss89 · age_up castle |
| 14:50 | LetItGo :( · first_building Siege Workshop |
| 14:53 | LetItGo :( · first_building Monastery |
| 15:01 | LetItGo :( · wall_segment Stone Wall x3 |
| 15:01 | Snorkiss89 · first_market_buy 100 food |
| 15:09 | LetItGo :( · wall_segment Stone Wall x1 |
| 15:09 | LetItGo :( · wall_segment Stone Wall x1 |
| 15:11 | LetItGo :( · wall_segment Stone Wall x1 |
| 15:19 | Bass · first_building Castle |
| 15:27 | Tgap · age_up castle |
| 15:35 | LetItGo :( · wall_segment Stone Wall x1 |
| 15:36 | LetItGo :( · wall_segment Stone Wall x1 |
| 15:41 | Azulazar · age_up castle |
| 15:45 | Azulazar · first_building Castle |
| 15:55 | LetItGo :( · wall_segment Stone Wall x1 |
| 15:55 | LetItGo :( · wall_segment Stone Wall x1 |
| 15:56 | LetItGo :( · wall_segment Stone Wall x1 |
| 15:57 | LetItGo :( · wall_segment Stone Wall x1 |
| 16:27 | LetItGo :( · wall_segment Stone Wall x1 |
| 16:28 | LetItGo :( · wall_segment Stone Wall x1 |
| 16:29 | LetItGo :( · wall_segment Stone Wall x1 |
| 16:30 | LetItGo :( · wall_segment Stone Wall x1 |
| 16:32 | LetItGo :( · wall_segment Stone Wall x1 |
| 16:37 | LetItGo :( · wall_segment Stone Wall x1 |
| 16:42 | LetItGo :( · wall_segment Stone Wall x1 |
| 16:47 | LetItGo :( · wall_segment Stone Wall x1 |
| 16:49 | LetItGo :( · wall_segment Stone Wall x1 |
| 16:50 | LetItGo :( · wall_segment Stone Wall x1 |
| 16:51 | LetItGo :( · wall_segment Stone Wall x1 |
| 17:02 | Astromantis · age_up castle |
| 17:07 | LetItGo :( · first_market_buy 100 food |
| 17:20 | Astromantis · tribute_sent a jugador 2 |
| 17:20 | Astromantis · tribute_sent a jugador 3 |
| 17:20 | Astromantis · tribute_sent a jugador 4 |
| 17:20 | Astromantis · tribute_sent a jugador 5 |
| 17:20 | Astromantis · tribute_sent a jugador 6 |
| 17:20 | Astromantis · tribute_sent a jugador 7 |
| 17:20 | Astromantis · tribute_sent a jugador 8 |
| 17:31 | Azulazar · wall_segment Stone Wall x9 |
| 17:41 | Azulazar · wall_segment Stone Wall x15 |
| 17:47 | LordRika · first_building Barracks |
| 17:53 | LordRika · first_market_buy 100 food |
| 18:22 | Azulazar · first_market_sell 100 stone |
| 18:44 | Azulazar · first_building Siege Workshop |
| 19:09 | LordRika · first_building Stable |
| 19:24 | Azulazar · wall_segment Stone Wall x1 |
| 19:48 | Astromantis · tribute_sent a jugador 2 |
| 19:48 | Astromantis · tribute_sent a jugador 3 |
| 19:48 | Astromantis · tribute_sent a jugador 4 |
| 19:48 | Astromantis · tribute_sent a jugador 5 |
| 19:48 | Astromantis · tribute_sent a jugador 6 |
| 19:48 | Astromantis · tribute_sent a jugador 7 |
| 19:48 | Astromantis · tribute_sent a jugador 8 |
| 20:08 | Tgap · first_building Siege Workshop |
| 21:01 | LordRika · age_up castle |
| 22:28 | Azulazar · first_market_buy 500 stone |
| 23:10 | Tgap · first_building Monastery |
| 23:17 | Astromantis · first_building Castle |
| 23:40 | Astromantis · first_market_buy 500 wood |
| 23:58 | Tgap · first_building Barracks |
| 24:02 | Azulazar · wall_segment Stone Wall x1 |
| 24:03 | Bass · first_market_buy 100 food |
| 24:44 | Tgap · wall_segment Stone Wall x2 |
| 24:56 | Tgap · wall_segment Stone Wall x1 |
| 24:57 | Tgap · wall_segment Stone Wall x1 |
| 24:58 | Tgap · wall_segment Stone Wall x1 |
| 24:59 | Tgap · wall_segment Stone Wall x1 |
| 25:00 | Tgap · wall_segment Stone Wall x1 |
| 25:00 | Tgap · wall_segment Stone Wall x1 |
| 25:20 | Azulazar · wall_segment Stone Wall x4 |
| 25:31 | Tgap · wall_segment Stone Wall x1 |
| 25:32 | Tgap · wall_segment Stone Wall x1 |
| 25:34 | Tgap · wall_segment Stone Wall x1 |
| 25:38 | Tgap · wall_segment Stone Wall x3 |
| 25:54 | Tgap · wall_segment Stone Wall x1 |
| 25:55 | Azulazar · wall_segment Stone Wall x7 |
| 25:59 | Tgap · wall_segment Stone Wall x1 |
| 26:14 | IMPORTAINER S.A @ DaNkoN_ARG · age_up castle |
| 26:20 | IMPORTAINER S.A @ DaNkoN_ARG · first_market_sell 500 wood |
| 26:20 | Snorkiss89 · first_building Castle |
| 26:22 | IMPORTAINER S.A @ DaNkoN_ARG · first_market_buy 100 stone |
| 26:31 | IMPORTAINER S.A @ DaNkoN_ARG · first_building Castle |
| 26:33 | Tgap · wall_segment Stone Wall x1 |
| 26:38 | Tgap · wall_segment Stone Wall x1 |
| 26:57 | IMPORTAINER S.A @ DaNkoN_ARG · wall_segment Palisade Wall x1 |
| 26:59 | Astromantis · first_building Monastery |
| 27:00 | Azulazar · first_building Monastery |
| 27:20 | Azulazar · wall_segment Palisade Wall x1 |
| 27:22 | Azulazar · wall_segment Palisade Wall x1 |
| 27:23 | Azulazar · wall_segment Palisade Wall x1 |
| 27:28 | Snorkiss89 · first_market_sell 100 wood |
| 27:32 | LetItGo :( · first_market_sell 500 wood |
| 27:49 | Bass · first_market_sell 100 wood |
| 28:04 | Tgap · wall_segment Stone Wall x1 |
| 28:14 | Tgap · first_building Stable |
| 28:37 | LordRika · first_building Castle |
| 28:41 | LetItGo :( · first_building Barracks |
| 29:00 | Tgap · wall_segment Stone Wall x1 |
| 29:01 | Tgap · wall_segment Stone Wall x1 |
| 29:02 | Tgap · wall_segment Stone Wall x1 |
| 29:31 | LordRika · first_building Monastery |
| 30:05 | LetItGo :( · first_building Archery Range |
| 30:07 | Tgap · age_up imperial |
| 30:23 | Tgap · first_market_sell 500 wood |
| 30:35 | Tgap · first_building Castle |
| 30:43 | Astromantis · first_market_sell 500 wood |
| 30:53 | Snorkiss89 · age_up imperial |
| 30:54 | LetItGo :( · age_up imperial |
| 31:18 | Bass · wall_segment Stone Wall x11 |
| 31:20 | Bass · wall_segment Stone Wall x3 |
| 31:34 | Snorkiss89 · first_building Siege Workshop |
| 31:41 | Bass · age_up imperial |
| 31:52 | Astromantis · first_building Barracks |
| 32:04 | Astromantis · tribute_sent a jugador 2 |
| 32:04 | Astromantis · tribute_sent a jugador 3 |
| 32:04 | Astromantis · tribute_sent a jugador 4 |
| 32:04 | Astromantis · tribute_sent a jugador 5 |
| 32:04 | Astromantis · tribute_sent a jugador 6 |
| 32:04 | Astromantis · tribute_sent a jugador 7 |
| 32:04 | Astromantis · tribute_sent a jugador 8 |
| 32:30 | Azulazar · age_up imperial |
| 32:33 | LetItGo :( · first_building Stable |
| 33:06 | Astromantis · first_building Stable |
| 33:14 | LordRika · age_up imperial |
| 34:04 | Astromantis · age_up imperial |
| 34:14 | LetItGo :( · wall_segment Stone Wall x1 |
| 34:16 | LetItGo :( · wall_segment Stone Wall x1 |
| 34:16 | LetItGo :( · wall_segment Stone Wall x1 |
| 34:18 | LetItGo :( · wall_segment Stone Wall x1 |
| 34:20 | LetItGo :( · wall_segment Stone Wall x1 |
| 34:22 | LetItGo :( · wall_segment Stone Wall x1 |
| 34:27 | Astromantis · tribute_sent a jugador 2 |
| 34:27 | Astromantis · tribute_sent a jugador 3 |
| 34:27 | Astromantis · tribute_sent a jugador 4 |
| 34:27 | Astromantis · tribute_sent a jugador 5 |
| 34:27 | Astromantis · tribute_sent a jugador 6 |
| 34:27 | Astromantis · tribute_sent a jugador 7 |
| 34:27 | Astromantis · tribute_sent a jugador 8 |
| 34:38 | Tgap · wall_segment Stone Wall x13 |
| 34:51 | Astromantis · wall_segment Stone Wall x9 |
| 35:00 | LetItGo :( · wall_segment Stone Wall x1 |
| 35:01 | LetItGo :( · wall_segment Stone Wall x1 |
| 35:02 | LetItGo :( · wall_segment Stone Wall x1 |
| 35:03 | LetItGo :( · wall_segment Stone Wall x1 |
| 35:24 | LetItGo :( · wall_segment Stone Wall x1 |
| 35:54 | LordRika · first_market_sell 500 food |
| 35:55 | LetItGo :( · resign |
| 36:29 | Tgap · first_building Archery Range |
[ ANÁLISIS IA · 1 CRÉDITO ]
¿Qué pasó realmente en esta partida?
Wolo.gg analiza cada decisión: build order, eco, micro, errores típicos por bracket. Análisis personalizado por WhatsApp o Discord en 30 segundos.
Guía civ
Bengalíes
Perfil
Jugador #19068008